 Dungeon Crawl Stone Soup version 0.28.0-45-g0d030f2227 (webtiles) character file.

Game seed: 13897417787257268618

1824 raph the Reanimator (level 8, -2/46 HPs)
             Began as a Deep Elf Necromancer on May 28, 2022.
             Slain by Harold
             ... wielding a +1 battleaxe of freezing
              (10 damage)
             ... on level 7 of the Dungeon.
             The game lasted 00:12:30 (8224 turns).

raph the Reanimator (Deep Elf Necromancer)          Turns: 8224, Time: 00:12:30

Health: -2/46      AC:  7    Str:  5    XL:     8   Next: 86%
Magic:  0/19       EV: 13    Int: 23    God:
Gold:   60         SH:  0    Dex: 15    Spells: 2/20 levels left

rFire   . . .      SeeInvis .   p - +3 short sword (venom)
rCold   . . .      Faith    +   (no shield)
rNeg    . . .      Spirit   .   g - +2 leather armour {Will+}
rPois   .          Reflect  .   (no helmet)
rElec   .          Harm     .   (no cloak)
rCorr   .          Rampage  .   m - +0 pair of gloves
Will    +....                   h - +0 pair of boots
Stlth   +++.......              d - amulet of faith
HPRegen 0.15/turn               j - ring of flight
MPRegen 0.16/turn               (no ring)

@: marked, flying, very slightly contaminated
A: no striking features
a: no special abilities


You were on level 7 of the Dungeon.
You visited 1 branch of the dungeon, and saw 7 of its levels.

You collected 324 gold pieces.
You spent 264 gold pieces at shops.

Inventory:

Hand Weapons
 a - a +0 dagger
 p - a +3 short sword of venom (weapon)
Missiles
 b - 8 javelins
 q - 46 stones
Armour
 g - a +2 leather armour of willpower (worn)
 h - a +0 pair of boots (worn)
 m - a +0 pair of gloves (worn)
Jewellery
 d - an amulet of faith (around neck)
 j - a ring of flight (left hand)
 r - an amulet of reflection
Wands
 l - a wand of iceblast (18)
 t - a wand of flame (33)
Scrolls
 c - a scroll of teleportation
 n - a scroll of vulnerability {unknown}
 u - a scroll of blinking
 v - a scroll of enchant armour {unknown}
Potions
 e - 3 potions of attraction
 f - 3 potions of curing
 i - a potion of lignification
 k - 2 potions of brilliance
 o - a potion of flight
 s - a potion of haste


   Skills:
 + Level 3.3 Fighting
 + Level 5.8 Dodging
 + Level 6.3 Stealth
 + Level 6.5 Spellcasting
 * Level 9.1 Necromancy
 + Level 3.2 Earth Magic


You had 2 spell levels left.
You knew the following spells:

 Your Spells              Type           Power      Damage    Failure   Level
a - Pain                  Necr           100%       1d9       1%          1
b - Animate Skeleton      Necr           98%        N/A       1%          1
c - Vampiric Draining     Necr           49%        2d9       1%          3
d - Animate Dead          Necr           24%        N/A       3%          4
e - Agony                 Necr           49%        N/A       9%          5
f - Sandblast             Erth           44%        2d11      3%          1
g - Stone Arrow           Conj/Erth      30%        3d8       21%         3

Your spell library contained the following spells:

 Spells                   Type           Power      Damage    Failure   Level
 Passwall                 Tmut/Erth      12%        N/A       11%         2
 Apportation              Tloc           14%        N/A       14%         1
 Magic Dart               Conj           28%        1d4       14%         1
 Call Imp                 Summ           7%         N/A       21%         2
 Mephitic Cloud           Conj/Pois/Air  7%         N/A       38%         3
 Alistair's Intoxication  Tmut/Pois      4%         N/A       98%         5


Dungeon Overview and Level Annotations

Branches:
Dungeon (7/15)
 Temple: D:4-7

Altars:
Dithmenos
Qazlal
Ru

Shops:
D:1 *   D:5 !*?   D:7 =

Annotations:
D:7 Harold


Message History

Confirm with . or Enter, or press ? or * to list all spells.
Aiming: Agony (quite dangerous; 9% risk of failure)
Press: ? - help, Shift-Dir - straight line, f/p - Harold
Aim: Harold, wielding a +1 battleaxe of freezing and wearing a +2 chain mail of willpower (heavily wounded, chance to affect: 54%)
You miscast Agony.
You are very lightly contaminated with residual magic.
Nothing appears to happen.
Harold hits you with a +1 battleaxe of freezing!
Harold freezes you.
* * * LOW HITPOINT WARNING * * *
Casting: Agony (quite dangerous; 9% risk of failure)
Confirm with . or Enter, or press ? or * to list all spells.
Aiming: Vampiric Draining (safe; 1% risk of failure)
Press: ? - help, Shift-Dir - straight line, f/p - Harold
Aim: Harold, wielding a +1 battleaxe of freezing and wearing a +2 chain mail of willpower (heavily wounded)
You draw life force from Harold!
You feel life coursing into your body! Harold closely misses you.
Casting: Vampiric Draining (safe; 1% risk of failure)
Confirm with . or Enter, or press ? or * to list all spells.
Aiming: Vampiric Draining (safe; 1% risk of failure)
Press: ? - help, Shift-Dir - straight line, f/p - Harold
Aim: Harold, wielding a +1 battleaxe of freezing and wearing a +2 chain mail of willpower (severely wounded)
You draw life force from Harold!
You feel life coursing into your body! Harold barely misses you.
Casting: Vampiric Draining (safe; 1% risk of failure)
Confirm with . or Enter, or press ? or * to list all spells.
You don't have enough magic to cast this spell.
Unknown command.
You hit Harold.
Harold is poisoned.
Harold is almost dead.
Harold hits you with a +1 battleaxe of freezing!
* * * LOW HITPOINT WARNING * * *
Harold freezes you.
* * * LOW HITPOINT WARNING * * *
Aiming: Pain (safe; 1% risk of failure)
Press: ? - help, Q - select action, (/) - cycle Shift-Dir - straight line, f/p - Harold
Aim: Harold, wielding a +1 battleaxe of freezing and wearing a +2 chain mail of willpower (almost dead, poisoned, chance to affect: 20%) Harold resists with almost no effort.
Harold hits you with a +1 battleaxe of freezing!
You die...

#.. ..# ## #.#
#..#..
#.#####..#.###
#.#..........
###.#.###@...#
#............#
#.
#.#....##....###
#.
#.#............#
##
#.#...@@.(....$#
#.#...###+###..#
#.##..# .
#.###.# #.# #.#
#.###.+ #.#...#
#.#.### .# #.#.#
.#


You could see Harold (poisoned).

Vanquished Creatures
  A water moccasin (D:7)
  Duvessa (D:4)
  An orc warrior (D:7)
  A sky beast (D:5)
  4 ogres
  2 centaurs
  A phantom (D:6)
  Blork the orc (D:6)
  A bullfrog (D:7)
  A scorpion (D:5)
  A water moccasin zombie (D:6)
  Dowan (D:4)
  A water moccasin skeleton (D:6)
  A howler monkey (D:5)
  2 hounds (D:7)
  An orc priest (D:6)
  A centaur skeleton (D:6)
  3 iguanas
  2 jellies
  2 orc wizards (D:6)
  A killer bee zombie (D:6)
  A hound skeleton (D:4)
  3 gnolls
  7 adders
  A worm (D:3)
  8 orcs
  3 ball pythons
  5 endoplasms
  3 giant cockroaches
  A goblin (D:3)
  2 hobgoblins
  5 jackals
  7 kobolds
  3 quokkas
  7 bats
  4 frilled lizards
  A rat (D:3)
91 creatures vanquished.

Vanquished Creatures (collateral kills)
  A dart slug (D:2)
1 creature vanquished.

Grand Total: 92 creatures vanquished

Notes
Turn   | Place    | Note
-------+----------+-------------------------------------------
     0 | D:1      | raph the Deep Elf Necromancer began the quest for the Orb.
     0 | D:1      | Reached XP level 1. HP: 10/10 MP: 6/6
    48 | D:1      | Learned a level 1 spell: Animate Skeleton
   227 | D:1      | Found Xueprech's General Store.
   496 | D:1      | Reached skill level 5 in Necromancy
   682 | D:1      | Reached XP level 2. HP: 12/15 MP: 5/8
  1211 | D:1      | Bought a potion of curing for 42 gold pieces
  1346 | D:2      | Found a faded altar of an unknown god.
  1900 | D:2      | Reached XP level 3. HP: 12/19 MP: 4/9
  1904 | D:2      | Learned a level 3 spell: Vampiric Draining
  2650 | D:3      | Noticed an ogre
  2657 | D:3      | Killed an ogre
  2658 | D:3      | Reached skill level 1 in Fighting
  2658 | D:3      | Reached skill level 6 in Necromancy
  2658 | D:3      | Reached XP level 4. HP: 25/25 MP: 0/12
  2665 | D:3      | Reached XP level 5. HP: 28/29 MP: 0/13
  2768 | D:3      | Learned a level 4 spell: Animate Dead
  3437 | D:4      | Noticed Dowan
  3438 | D:4      | Noticed Duvessa
  3854 | D:5      | Entered Level 5 of the Dungeon
  3854 | D:5      | Found Lotug's General Store.
  3861 | D:5      | Reached XP level 6. HP: 23/34 MP: 9/14
  4077 | D:5      | Learned a level 5 spell: Agony
  4810 | D:4      | Killed Duvessa
  4811 | D:4      | Reached skill level 7 in Necromancy
  4905 | D:4      | Killed Dowan
  4906 | D:4      | Reached skill level 5 in Spellcasting
  4906 | D:4      | Reached XP level 7. HP: 39/40 MP: 14/16
  5045 | D:4      | Found a shadowy altar of Dithmenos.
  5052 | D:4      | Learned a level 1 spell: Sandblast
  5548 | D:5      | Found Poojuh's Distillery.
  5556 | D:5      | Bought a potion of haste for 110 gold pieces
  5584 | D:5      | Reached skill level 5 in Stealth
  5584 | D:5      | Reached skill level 1 in Earth Magic
  6162 | D:5      | Found Sebbog's Magic Scroll Shop.
  6171 | D:5      | Bought a scroll of blinking for 112 gold pieces
  6441 | D:6      | Reached skill level 5 in Dodging
  6441 | D:6      | Reached skill level 8 in Necromancy
  6441 | D:6      | Reached XP level 8. HP: 41/45 MP: 12/18
  6448 | D:6      | Learned a level 3 spell: Stone Arrow
  7150 | D:6      | Found a sacrificial altar of Ru.
  7154 | D:6      | Noticed Blork the orc
  7159 | D:6      | Killed Blork the orc
  7226 | D:6      | Found a stormy altar of Qazlal.
  7922 | D:7      | Found Zetegroz's Jewellery Shop.
  7932 | D:7      | Reached skill level 9 in Necromancy
  7935 | D:7      | Identified the +1 hunting sling of Xuffide {speed, Drain
                  | Fly rN++ Str+3}
  8208 | D:7      | Noticed Harold
  8224 | D:7      | Slain by Harold

Illustrated notes

Levels and vault maps discovered:
D:1:      dpeg_arrival_rooms_c, layout_basic, serial_shops, nicolae_shop_stone
D:2:      layout_loops_ring, ebering_ecumenical_altar_rust
D:3:      layout_basic
D:4:      layout_loops_cross, grunt_dithmenos_smoke_and_mirrors, uniq_duvessa
D:5:      layout_loops_ring, serial_shops, shop_scrolls, nicolae_shop_trees,
          nicolae_shop_advertising_works [nicolae_subvault_shop_adworks],
          chequers_serial_rivers_micro_c, minivault_1, kennysheep_generic_room_3
D:6:      layout_loops_cross, amethyst_overflow_temple_binary,
          uniq_blork_the_orc
D:7:      layout_loops_ring, temple_green, serial_shops, nicolae_shop_trees,
          minmay_misc_feat_diagonals, uniq_harold

Skill      XL: |  1  2  3  4  5  6  7  8 |
---------------+-------------------------+-----
Necromancy     | 5 6 7 8 9 |  9.1
Stealth        | 3 4 5 6 |  6.3
Dodging        | 3 4 5 |  5.8
Fighting       | 1 2 3 |  3.3
Spellcasting   | 4 5 6 |  6.5
Earth Magic    | 1 3 |  3.2

Action                   |  1- 3 |  4- 6 |  7- 9 || total
-------------------------+-------+-------+-------++-------
Melee: Dagger            |     2 |    24 |       ||    26
       Punch             |       |     1 |     1 ||     2
       Short sword       |       |       |    38 ||    38
Throw: Javelin           |       |       |     1 ||     1
 Cast: Pain              |    42 |    35 |    47 ||   124
       Animate Skeleton  |     2 |     1 |       ||     3
       Vampiric Draining |     4 |     9 |    30 ||    43
       Sandblast         |       |       |    30 ||    30
       Agony             |       |       |     3 ||     3
       Animate Dead      |       |       |     1 ||     1
Evoke: Wand              |       |     1 |       ||     1
  Use: Scroll            |     5 |     2 |     5 ||    12
 Stab: Sleeping          |     2 |     6 |     3 ||    11
Armor: Robe              |     1 |       |       ||     1
       Leather armour    |     4 |    10 |    34 ||    48
Dodge: Dodged            |     5 |    26 |    49 ||    80
